 Dungeon Sprint DCSS version 0.30-a0-122-g2a1322497e (webtiles) character file.

Game seed: 7296017312809273850

2046 Hubris850 the Transmogrifier (level 9, -1/73 HPs)
             Began as a Merfolk Transmuter on Sept 15, 2022.
             Was the Champion of Makhleb.
             Slain by a seven-headed hydra (11 damage)
             ... in the Dungeon (Sprint VII: "The Pits").
             The game lasted 00:07:04 (1654 turns).

Hubris850 the Transmogrifier (Merfolk Transmuter)   Turns: 1654, Time: 00:07:05

Health: -1/73      AC: 12    Str: 15    XL:     9   Next: 24%
Magic:  18/22      EV: 11    Int: 14    God:    Makhleb [******]
Gold:   0          SH:  0    Dex: 15    Spells: 19/26 levels left

rFire   x . .      SeeInvis .      - Unarmed
rCold   + + +      Faith    .    (shield currently unavailable)
rNeg    . . .      Spirit   .    (body armour currently unavailable)
rPois   +          Reflect  .    (helmet currently unavailable)
rElec   .          Harm     .    (cloak currently unavailable)
rCorr   .          Rampage  .    (gloves currently unavailable)
Will    .....      NoTele   +    (boots currently unavailable)
Stlth   +.........               (no amulet)
HPRegen 0.22/turn                g - +3 ring of strength
MPRegen 0.18/turn                o - +3 ring of protection

@: ice-form, wereblooded
A: freezing attack, boosted hp, large, (nimble swimmer 2), (mertail)
a: End Transformation, Renounce Religion, Minor Destruction, Lesser Servant of
Makhleb, Major Destruction, Greater Servant of Makhleb


You were in the Dungeon.
You worshipped Makhleb.
Makhleb was exalted by your worship.
You were a creature of crystalline ice.
You visited 1 branch

Inventory:

Hand Weapons
 l - a +2 vorpal trident
 m - a +1 long sword of flaming
Armour
 a - a +0 robe
 n - a +3 ring mail
 s - a +5 ring mail (melded)
 t - a +0 pair of gloves (melded)
Jewellery
 g - a +3 ring of strength (left front paw)
 o - a +3 ring of protection (right front paw)
Scrolls
 h - a scroll of blinking
 j - 5 scrolls of amnesia
 k - a scroll of summoning
Potions
 b - a potion of lignification
 c - 7 potions of curing
 d - 7 potions of heal wounds
 e - a potion of haste
 f - 4 potions of magic
 i - 2 potions of invisibility
 p - a potion of brilliance
 q - a potion of berserk rage
 r - a potion of might


   Skills:
 - Level 2.0 Fighting
 - Level 3.8 Dodging
 + Level 11.2 Unarmed Combat
 - Level 9.4 Spellcasting
 - Level 12.8 Transmutations
 - Level 10.6 Ice Magic
 + Level 6.0 Invocations


You had 19 spell levels left.
You knew the following spells:

 Your Spells              Type           Power      Damage    Failure   Level
a - Beastly Appendage     Tmut           84%        N/A       1%          1
b - Ice Form              Ice/Tmut       39%        N/A       1%          4
c - Wereblood             Tmut           42%        N/A       1%          2

Your spell library contained the following spells:

 Spells                   Type           Power      Damage    Failure   Level
 Spider Form              Tmut/Pois      24%        N/A       2%          3


Dungeon Overview and Level Annotations

Branches:
Dungeon (1/1)

Altars:
Ashenzari
Cheibriados
Dithmenos
Elyvilon
Fedhas
Gozag
Hepliaklqana
Kikubaaqudgha
Makhleb
Nemelex Xobeh
Okawaru
Qazlal
Ru
Sif Muna
Trog
Uskayaw
Vehumet
Wu Jian
Xom
Yredelemnul
Zin
The Shining One
Jiyva
Lugonu

Annotations:
D Harold


Innate Abilities, Weirdness & Mutations

You are a creature of crystalline ice.
You have a powerful freezing melee attack.
Your maximum health is increased.
Your armour is entirely melded.
You are incapable of wielding weapons or throwing items.
((You are very nimble when in or above water. (Stealth+, EV+, Speed+++)))
((Your lower body shifts to a powerful aquatic tail in water.))


Message History

The seven-headed hydra bites you!
* * * LOW HITPOINT WARNING * * *
The seven-headed hydra misses you. The seven-headed hydra bites you.
* * * LOW HITPOINT WARNING * * *
Unknown command.
You are a creature of crystalline ice.
Your melee attacks are strengthened by your wereblood.
Your movement speed is average.
Your attack delay is about 0.7.
Your damage rating with unarmed combat is about 32 (Base [12 + 11 (UC)] x 112% (Str) x 126% (Skill)) + Freeze.
Your base attributes are Str 12, Int 14, Dex 15.
You feel much better.
Harold hits you with a +3 trident of pain!
* * * LOW HITPOINT WARNING * * *
The gnoll closely misses you.
You feel much better. Harold barely misses you. The gnoll closely misses you.
The seven-headed hydra barely misses you.
The seven-headed hydra bites you.
The seven-headed hydra closely misses you.
The seven-headed hydra bites you! The seven-headed hydra bites you.
* * * LOW HITPOINT WARNING * * *
The seven-headed hydra barely misses you.
The seven-headed hydra bites you.
* * * LOW HITPOINT WARNING * * *
You punch the seven-headed hydra! You freeze the seven-headed hydra.
The seven-headed hydra is heavily wounded.
The gnoll hits you from afar with a +0 spear.
* * * LOW HITPOINT WARNING * * *
Harold misses you.
You pummel the seven-headed hydra!!
The seven-headed hydra seems to slow down.
You freeze the seven-headed hydra.
The seven-headed hydra is severely wounded.
The seven-headed hydra misses you.
The seven-headed hydra bites you but does no damage.
The seven-headed hydra closely misses you.
The seven-headed hydra bites you but does no damage.
The seven-headed hydra bites you.
* * * LOW HITPOINT WARNING * * *
The seven-headed hydra bites you!
You die...

###'##................#
))'.##......#..#......#
###.##................+
....)'................+
)#####......#..#......#
.#..##................#
.'..#####'#####''######
##+###.......##''#
....##.......##.Y#
....##.......##D@#
'#####...<...##.g#
))..##.......##..#
)...##.......##..#
######.......##...
.#..###########...
.#รท############...
.#)#....#...[#


You could see Harold, a seven-headed hydra (slow) and a gnoll.

Vanquished Creatures
  A cyclops (D)
  An unseen horror (D)
  A flying skull (D)
  Grum (D)
  Menkaure (D)
  A water moccasin (D)
  An ice beast (D)
  3 wolves (D)
  Blork the orc (D)
  2 scorpions (D)
  6 wights (D)
  A jelly (D)
  2 orc wizards (D)
  2 gnolls (D)
  2 adders (D)
  A river rat (D)
  2 orcs (D)
  2 giant cockroaches (D)
  A bat (D)
  2 goblins (D)
34 creatures vanquished.

Notes
Turn   | Place    | Note
-------+----------+-------------------------------------------
     0 | D        | Hubris850 the Merfolk Transmuter began the quest for the
                  | Orb.
     0 | D        | Reached XP level 1. HP: 15/15 MP: 3/3
    16 | D        | Reached skill level 3 in Transmutations
    16 | D        | Reached XP level 2. HP: 3/21 MP: 2/5
   283 | D        | Found a glowing golden altar of the Shining One.
   283 | D        | Found a glowing silver altar of Zin.
   283 | D        | Found a basalt altar of Yredelemnul.
   283 | D        | Found a shimmering altar of Xom.
   283 | D        | Found an ornate altar of the Wu Jian Council.
   283 | D        | Found a bloodstained altar of Trog.
   283 | D        | Found a shimmering blue altar of Sif Muna.
   283 | D        | Found a sacrificial altar of Ru.
   283 | D        | Found a stormy altar of Qazlal.
   283 | D        | Found an iron altar of Okawaru.
   283 | D        | Found a sparkling altar of Nemelex Xobeh.
   283 | D        | Found a burning altar of Makhleb.
   283 | D        | Found a viscous altar of Jiyva.
   283 | D        | Found a hazy altar of Hepliaklqana.
   283 | D        | Found an opulent altar of Gozag.
   283 | D        | Found a blossoming altar of Fedhas.
   283 | D        | Found a white marble altar of Elyvilon.
   283 | D        | Found a shadowy altar of Dithmenos.
   283 | D        | Found a snail-covered altar of Cheibriados.
   284 | D        | Found a radiant altar of Vehumet.
   284 | D        | Found a corrupted altar of Lugonu.
   285 | D        | Found an ancient bone altar of Kikubaaqudgha.
   285 | D        | Found a hide-covered altar of Uskayaw.
   285 | D        | Found a broken altar of Ashenzari.
   291 | D        | Became a worshipper of Makhleb the Destroyer
   361 | D        | Noticed a scorpion
   367 | D        | Reached skill level 4 in Transmutations
   368 | D        | Killed a scorpion
   368 | D        | Reached * piety under Makhleb
   369 | D        | Reached skill level 5 in Unarmed Combat
   369 | D        | Reached skill level 5 in Transmutations
   369 | D        | Reached XP level 3. HP: 26/26 MP: 4/8
   369 | D        | Reached XP level 4. HP: 32/32 MP: 5/10
   454 | D        | Reached skill level 6 in Transmutations
   549 | D        | Noticed a water moccasin
   549 | D        | Noticed a scorpion
   557 | D        | Killed a water moccasin
   557 | D        | Reached ** piety under Makhleb
   558 | D        | Reached skill level 5 in Spellcasting
   558 | D        | Reached skill level 7 in Transmutations
   558 | D        | Reached XP level 5. HP: 31/37 MP: 10/13
   567 | D        | Reached skill level 8 in Transmutations
   567 | D        | Reached XP level 6. HP: 20/43 MP: 11/14
   773 | D        | Learned a level 4 spell: Ice Form
   998 | D        | Noticed Menkaure
   999 | D        | Noticed Blork the orc
  1014 | D        | Killed Blork the orc
  1018 | D        | Killed Menkaure
  1018 | D        | Reached *** piety under Makhleb
  1019 | D        | Reached skill level 9 in Transmutations
  1035 | D        | Reached **** piety under Makhleb
  1041 | D        | Noticed a flying skull
  1057 | D        | Killed a flying skull
  1058 | D        | Reached skill level 10 in Transmutations
  1058 | D        | Reached XP level 7. HP: 34/50 MP: 12/17
  1190 | D        | Learned a level 2 spell: Wereblood
  1203 | D        | Killed an unseen horror
  1203 | D        | Reached ***** piety under Makhleb
  1204 | D        | Reached skill level 11 in Transmutations
  1204 | D        | Reached XP level 8. HP: 48/56 MP: 14/20
  1224 | D        | Noticed Grum
  1224 | D        | Noticed a cyclops
  1230 | D        | Reached skill level 10 in Unarmed Combat
  1230 | D        | Reached skill level 5 in Invocations
  1238 | D        | Reached ****** piety under Makhleb
  1242 | D        | Reached skill level 12 in Transmutations
  1245 | D        | Killed a cyclops
  1246 | D        | Reached skill level 10 in Ice Magic
  1246 | D        | Reached XP level 9. HP: 19/61 MP: 20/22
  1247 | D        | Killed Grum
  1641 | D        | Noticed Harold
  1645 | D        | Noticed a seven-headed hydra
  1650 | D        | HP: 1/73 [seven-headed hydra (5)]
  1654 | D        | Slain by a seven-headed hydra

Illustrated notes

Levels and vault maps discovered:
D:        pitsprint [storerooms_1, entrance_room_1, metal_vault_3, armoury_1,
          mini_pit_1, grid_room_1, main_hall_1, silver_pit, the_coven_3,
          the_vestibule_1, steel_vault_5, golden_pit, hallway_of_sentries,
          crystal_vault_1, iron_vault_3, final_vault]

Skill      XL: |  1  2  3  4  5  6  7  8 |
---------------+-------------------------+-----
Unarmed Combat | 4 5 7 8 9 11 | 11.2
Transmutations | 3 5 7 8 10 11 12 | 12.8
Ice Magic      | 2 4 6 8 10 | 10.6
Spellcasting   | 4 5 7 8 9 |  9.4
Fighting       | 2 |  2.0
Dodging        | 3 |  3.8
Invocations    | 2 4 6 |  6.0

Action                   |  1- 3 |  4- 6 |  7- 9 || total
-------------------------+-------+-------+-------++-------
Melee: Unarmed           |    14 |    49 |    48 ||   111
       Headbutt          |     2 |     3 |       ||     5
       Punch             |       |     1 |       ||     1
 Cast: Beastly Appendage |     2 |     2 |       ||     4
       Ice Form          |       |     3 |     3 ||     6
       Wereblood         |       |       |     2 ||     2
  Use: Potion            |     1 |     4 |     4 ||     9
Armor: Robe              |     1 |     4 |       ||     5
       Skin              |       |     5 |    23 ||    28
Dodge: Dodged            |     5 |    30 |    28 ||    63

Table legend: (Time is in decaauts)
 A = Elapsed time spent in this place.
 B = Non-inter-level travel time spent in this place.
 C = Inter-level travel time spent in this place.
 D = Time resting spent in this place.
 E = Time spent auto-exploring this place.
 F = Levels seen in this place.
 G = Mean time per level.
                   A        B        C        D        E       F      G
               +--------+--------+--------+--------+--------+-----+--------+
         Total |   1666 |   1666 |      0 |   1238 |      0 |   1 | 1666.0 |
       Dungeon |   1666 |   1666 |      0 |   1238 |      0 |   1 | 1666.0 |
               +--------+--------+--------+--------+--------+-----+--------+

Top non-repeatable levels by time:
       D: 1666 daAuts
